 Dungeon Crawl Stone Soup version 0.29-a0-409-gd843f3a48c (webtiles) character file.

Game seed: 8434511247636116004

123 spiderkeys the Skirmisher (level 4, -2/37 HPs)
             Began as a Mummy Abyssal Knight on May 14, 2022.
             Was a Priest of Lugonu.
             Slain by a black bear (6 damage)
             ... on level 3 of the Dungeon.
             The game lasted 00:08:03 (2872 turns).

spiderkeys the Skirmisher (Mummy Abyssal Knight)    Turns: 2872, Time: 00:08:03

Health: -2/37      AC:  5    Str: 16    XL:     4   Next: 80%
Magic:  0/6        EV: 12    Int: 11    God:    Lugonu [***...]
Gold:   156        SH:  0    Dex: 12    Spells: 4/6 levels left

rFire   x . .      SeeInvis .   a - +1 spear
rCold   + . .      Faith    .   (no shield)
rNeg    + + +      Spirit   .   d - +1 robe
rPois   ∞          Reflect  .   c - +2 hat
rElec   .          Harm     .   (no cloak)
rCorr   .          Rampage  .   (no gloves)
Will    .....                   (no boots)
Stlth   +.........              (no amulet)
HPRegen 0.12/turn               (no ring)
MPRegen 0.10/turn               (no ring)

@: about to teleport, very slightly contaminated
A: cold resistance 1, negative energy resistance 3, torment resistance 2, heat
vulnerability 1, in touch with death 1, no potions
a: Renounce Religion, Depart the Abyss, Bend Space, Banish


You were on level 3 of the Dungeon.
You worshipped Lugonu.
Lugonu was most pleased with you.
You visited 1 branch of the dungeon, and saw 4 of its levels.
You visited the Abyss 1 time.

You collected 156 gold pieces.


Innate Abilities, Weirdness & Mutations

You are immune to poison.
Your flesh is cold resistant. (rC+)
You are immune to negative energy. (rN+++)
You are immune to unholy pain and torment.
You are vulnerable to heat. (rF-)
You are in touch with the powers of death.
You do not drink.


   Skills:
 + Level 3.6 Fighting
 - Level 1.8(2.0) Polearms
 - Level 1.0(1.5) Staves
 - Level 1.5 Armour
 + Level 1.8 Dodging
 + Level 1.9 Spellcasting
 + Level 0.4 Necromancy
 + Level 2.4 Invocations


You had 4 spell levels left.
You knew the following spells:

 Your Spells              Type           Power      Damage    Failure   Level
a - Animate Skeleton      Necr           6%         N/A       24%         1
p - Pain                  Necr           12%        1d4       24%         1

Your spell library contained the following spells:

 Spells                   Type           Power      Damage    Failure   Level


Inventory:

Hand Weapons
 a - a +1 spear (weapon)
 b - a +0 vorpal hunting sling
   (You took it off a goblin on level 3 of the Dungeon)
Missiles
 f - 109 stones
 h - 3 poisoned darts
Armour
 c - a +2 hat (worn)
   (You found it on level 1 of the Dungeon)
 d - a +1 robe (worn)
   (You found it on level 1 of the Dungeon)
 e - a +0 leather armour
 l - a +0 robe
   (You found it on level 2 of the Dungeon)
 n - a +0 leather armour
   (You found it on level 2 of the Dungeon)
 q - a +0 robe
   (You took it off Jessica on level 3 of the Dungeon)
Magical Staves
 g - a staff of fire {!a}
   (You found it on level 1 of the Dungeon)
Wands
 o - a wand of polymorph (6)
   (You found it on level 3 of the Dungeon)
Scrolls
 i - a scroll of blinking {!r}
 j - 2 scrolls of teleportation {@r4}
 k - a scroll of enchant weapon
 m - a scroll of amnesia
 p - a scroll of magic mapping {unknown}
 r - a scroll of fog {unknown}

Dungeon Overview and Level Annotations

Branches:
Dungeon (4/15)
 Temple: D:4-7

Altars:

#....... #.......
#....### #....###
#.....## #########
#....... #.......#
##'#.... #.h.....#
#.....# #@..(.(.#
#.#..##
#....(..####.#..#
#.........((.#..##
#............#....
#######.....>'....
#......#####
########


You could see a black bear (berserk, poisoned).


Message History

The black bear misses you. The black bear claws you. x2 😮 HP[-3]
You take 3 damage, and now have 24/37 hp.
The black bear attacks as you move away!
The black bear closely misses you. The black bear claws you.
The black bear closely misses you. 😮 HP[-1]
You take 1 damage, and now have 23/37 hp.
Space bends violently around you!
You blink. 😮 HP[-2] MP[-1]
You take 2 damage, and now have 21/37 hp.
You lost 1 mp, and now have 4/6 mp.
Unknown command.
Throw: 5 darts (poison)
Press: ? - help, Shift-Dir - straight line, f/p - black bear
Aim: a black bear (moderately wounded, poisoned, 65% to hit)
You throw a poisoned dart. The poisoned dart hits the black bear.
Throw: 4 darts (poison)
Press: ? - help, Shift-Dir - straight line, f/p - black bear
Aim: a black bear (moderately wounded, poisoned, 65% to hit)
You throw a poisoned dart. The poisoned dart hits the black bear.
The black bear looks even sicker.
Casting: Pain (safe; 24% risk of failure)
Confirm with . or Enter, or press ? or * to list all spells.
Aiming: Pain (safe; 24% risk of failure)
Press: ? - help, Shift-Dir - straight line, f/p - black bear
Aim: a black bear (moderately wounded, very poisoned, chance to affect: 44%)
You feel a surge of power!
You miscast Pain.
You are very lightly contaminated with residual magic.
Nothing appears to happen. 😮 MP[-1]
You lost 1 mp, and now have 3/6 mp.
Casting: Pain (safe; 24% risk of failure)
Confirm with . or Enter, or press ? or * to list all spells.
Aiming: Pain (safe; 24% risk of failure)
Press: ? - help, Shift-Dir - straight line, f/p - black bear
Aim: a black bear (heavily wounded, very poisoned, chance to affect: 44%)
You feel a surge of power!
You miscast Pain.
Nothing appears to happen.
The black bear closely misses you.
The black bear claws you but does no damage.
The black bear completely misses you. 😮 MP[-1]
You lost 1 mp, and now have 2/6 mp.
Casting: Pain (safe; 24% risk of failure)
Confirm with . or Enter, or press ? or * to list all spells.
Aiming: Pain (safe; 24% risk of failure)
Press: ? - help, Shift-Dir - straight line, f/p - black bear
Aim: a black bear (moderately wounded, very poisoned, chance to affect: 44%)
You feel a surge of power!
The black bear writhes in agony.
The black bear bites you. The black bear barely misses you.
The black bear completely misses you. 😮 MP[-1]
You lost 1 mp, and now have 1/6 mp.
Casting: Pain (safe; 24% risk of failure)
Confirm with . or Enter, or press ? or * to list all spells.
Aiming: Pain (safe; 24% risk of failure)
Press: ? - help, Shift-Dir - straight line, f/p - black bear
Aim: a black bear (heavily wounded, very poisoned, chance to affect: 44%)
You feel a surge of power!
The black bear resists with some effort.
The black bear bites you but does no damage.
The black bear claws you but does no damage. x2
Casting: Pain (safe; 24% risk of failure)
Confirm with . or Enter, or press ? or * to list all spells.
Aiming: Pain (safe; 24% risk of failure)
Press: ? - help, Shift-Dir - straight line, f/p - black bear
Aim: a black bear (heavily wounded, poisoned, chance to affect: 44%)
You feel a surge of power!
The black bear writhes in agony.
The black bear bites you but does no damage.
The black bear closely misses you. The black bear misses you. 😮 MP[-1]
You lost 1 mp, and now have 0/6 mp.
The black bear attacks as you move away!
The black bear bites you but does no damage.
The black bear claws you but does no damage.
The black bear closely misses you.
The black bear goes berserk!
Aiming: Polymorph
Press: ? - help, Shift-Dir - straight line, f/p - black bear
Aim: a black bear (severely wounded, berserk, poisoned, will become a tengu, a dream sheep, or a blink frog, chance to affect: 49%)
Okay, then.
Okay, then.
As you read the scroll of teleportation {@r4}, it crumbles to dust.
You feel strangely unstable.
The black bear rages.
The black bear bites you!
* * * LOW HITPOINT WARNING * * *
The black bear misses you. The black bear claws you.
* * * LOW HITPOINT WARNING * * *
😱 HP[-15]
You take 15 damage, and now have 6/37 hp.
MASSIVE DAMAGE!! (PAUSE)
The black bear bites you but does no damage.
The black bear claws you.
* * * LOW HITPOINT WARNING * * *
The black bear claws you.
You die...

Skill      XL: |  1  2  3 |
---------------+----------+-----
Dodging        | 1 |  1.8
Invocations    | 2 |  2.4
Spellcasting   | 1 |  1.9
Staves         | 1 |  1.0
Fighting       | |  3.6
Polearms       | |  1.8
Armour         | |  1.5
Necromancy     | |  0.4

Action                   |  1- 3 |  4- 6 || total
-------------------------+-------+-------++-------
Melee: Spear             |   117 |    35 ||   152
 Fire: Hunting sling     |    16 |     8 ||    24
Throw: Dart              |       |     9 ||     9
 Cast: Pain              |       |    21 ||    21
       Animate Skeleton  |       |     6 ||     6
Invok: Bend Space        |       |     7 ||     7
Evoke: Wand              |       |     2 ||     2
  Use: Scroll            |     5 |     2 ||     7
 Stab: Sleeping          |     1 |     1 ||     2
Armor: Leather armour    |    21 |       ||    21
       Robe              |     6 |    30 ||    36
Dodge: Dodged            |    61 |    46 ||   107

Levels and vault maps discovered:
D:1:      nicolae_arrival_washed_ashore, layout_basic
D:2:      layout_basic, chequers_ecumenical_altar_island
D:3:      minmay_evil_eye, layout_basic, hangedman_decor_growths,
          palyth_stone_intersect, kennysheep_jessica_study
D:4:      layout_gridville, kennysheep_mini, ebering_ghost_rock_garden,
          uniq_robin

Notes
Turn   | Place    | Note
-------+----------+-------------------------------------------
     0 | Abyss:1  | spiderkeys the Mummy Abyssal Knight began the quest for the
                  | Orb.
     0 | Abyss:1  | Reached XP level 1. HP: 18/18 MP: 2/2
     0 | Abyss:1  | magus.rc [v1.11.3]
    15 | D:1      | You pass through the gate.
    15 | D:1      | Escaped the Abyss
   209 | D:1      | Reached skill level 1 in Dodging
   330 | D:1      | Reached XP level 2. HP: 24/24 MP: 3/3
   564 | D:2      | Found a faded altar of an unknown god.
   821 | D:2      | Reached skill level 2 in Invocations
   912 | D:2      | Gained mutation: You are in touch with the powers of death.
                  | [Mummy growth]
   912 | D:2      | Reached XP level 3. HP: 18/29 MP: 4/4
  1074 | D:2      | Reached *** piety under Lugonu
  1075 | D:2      | Reached skill level 1 in Spellcasting
  1932 | D:3      | Noticed Jessica
  1941 | D:3      | Killed Jessica
  1942 | D:3      | Reached skill level 1 in Staves
  1942 | D:3      | Reached XP level 4. HP: 35/35 MP: 4/6
  1973 | D:3      | You add the spells Animate Skeleton and Pain to your
                  | library.
  1973 | D:3      | Got Jessica's Papyrus of Dark Rituals
  1976 | D:3      | Learned a level 1 spell: Animate Skeleton
  1978 | D:3      | Learned a level 1 spell: Pain
  2722 | D:4      | Noticed a black bear
  2871 | D:3      | HP: 6/37 [black bear (4)]
  2872 | D:3      | Slain by a black bear

Vanquished Creatures
  Jessica (D:3)
  2 adders
  A gnoll (D:4)
  2 dart slugs
  An orc (D:4)
  6 ball pythons
  2 endoplasms (D:3)
  5 giant cockroaches
  7 goblins
  3 hobgoblins
  2 jackals (D:2)
  9 kobolds
  3 quokkas (D:3)
  2 bats
  3 frilled lizards
  4 rats
53 creatures vanquished.

Vanquished Creatures (collateral kills)
  A worm (D:3)
  2 orcs (D:4)
  A ball python (D:4)
4 creatures vanquished.

Grand Total: 57 creatures vanquished

Table legend:
 A = Non-vault XP
 B = Vault XP
 C = Vault XP percentage of total XP
 D = Non-vault monster count
 E = Vault monster count
 F = Vault count percentage of total count
                 A         B        C        D         E       F
            +---------+---------+-------+---------+---------+-------
      Total |     118 |      59 |  33.3 |      52 |       5 |   8.8
            +---------+---------+-------+---------+---------+-------
        D:1 |      14 |       0 |   0.0 |       8 |       0 |   0.0
        D:2 |      45 |       0 |   0.0 |      20 |       0 |   0.0
        D:3 |      28 |      59 |  67.8 |      16 |       5 |  23.8
        D:4 |      31 |       0 |   0.0 |       8 |       0 |   0.0
            +---------+---------+-------+---------+---------+-------

Illustrated notes

Table legend:
 A = Kills in this place as a percentage of kills in entire the game.
 B = Kills by you in this place as a percentage of kills by you in the entire game.
 C = Kills by friends in this place as a percentage of kills by friends in the entire game.
 D = Other kills in this place as a percentage of other kills in the entire game.
 E = Experience gained in this place as a percentage of experience gained in the entire game.
 F = Experience gained in this place divided by the number of levels of this place that you have seen.
                   A       B       C       D       E      F
               +-------+-------+-------+-------+-------+----------------------
         Total | 100.0 | 100.0 | 100.0 |   N/A | 100.0 |  35.4
       Dungeon | 100.0 | 100.0 | 100.0 |   N/A | 100.0 |  44.2
               +-------+-------+-------+-------+-------+----------------------

Table legend: (Time is in decaauts)
 A = Elapsed time spent in this place.
 B = Non-inter-level travel time spent in this place.
 C = Inter-level travel time spent in this place.
 D = Time resting spent in this place.
 E = Time spent auto-exploring this place.
 F = Levels seen in this place.
 G = Mean time per level.
                   A        B        C        D        E       F      G
               +--------+--------+--------+--------+--------+-----+--------+
         Total |   2886 |   2847 |     39 |    333 |   1855 |   5 |  577.2 |
       Dungeon |   2871 |   2832 |     39 |    333 |   1849 |   4 |  717.8 |
         Abyss |     15 |     15 |      0 |      0 |      6 |   1 |   15.0 |
               +--------+--------+--------+--------+--------+-----+--------+

Top non-repeatable levels by time:
     D:2: 1034 daAuts
     D:3: 1022 daAuts
     D:1: 509 daAuts
     D:4: 305 daAuts
 Abyss:1: 15 daAuts
